 Dungeon Crawl Stone Soup version 0.30-a0-949-g53dc5368d7 (webtiles) character file.

Game seed: 15111384430407089132

798 lunkers the Basher (level 8, -4/63 HPs)
             Began as a Meteoran Fighter on Mar 28, 2023.
             Was a Follower of Okawaru.
             Killed by divine providence
             ... invoked by an orc priest
              (11 damage)
             ... on level 5 of the Dungeon.
             The game lasted 00:04:51 (1642 turns).

lunkers the Basher (Meteoran Fighter)               Turns: 1642, Time: 00:04:51

Health: -4/63      AC: 12    Str: 21    XL:     8   Next: 35%
Magic:  9/9        EV:  7    Int:  9    God:    Okawaru [*.....]
Gold:   188        SH:  5    Dex: 13    Spells: 7/7 levels left

rFire   . . .      SeeInvis .    a - +1 flail
rCold   . . .      Faith    .    c - +0 buckler
rNeg    . . .      Spirit   .    n - +0 chain mail
rPois   .          Reflect  .    e - +0 helmet
rElec   .          Rampage  .    (no cloak)
rCorr   .                        b - +0 pair of gloves
Will    +....                    j - +0 pair of boots Stlth
                                 (no amulet)
HPRegen 0.30/turn                (no ring)
MPRegen 0.11/turn                (no ring)

@: about to teleport, glowing
A: sense surroundings 1, otherworldly, glowing, explore regen
a: Renounce Religion, Heroism


You were on level 5 of the Dungeon.
You worshipped Okawaru.
Okawaru was aware of your devotion.
You visited 1 branch of the dungeon, and saw 5 of its levels.

You collected 188 gold pieces.

Inventory:

Hand Weapons
 a - a +1 flail (weapon)
Armour
 b - a +0 pair of gloves (worn)
 c - a +0 buckler (worn)
 e - a +0 helmet (worn)
 j - a +0 pair of boots (worn)
 n - a +0 chain mail (worn)
Wands
 l - a wand of paralysis (5)
Scrolls
 g - a scroll of teleportation
Potions
 d - a potion of might
 h - a potion of attraction
 i - 3 potions of brilliance


   Skills:
 + Level 3.5 Fighting
 + Level 11.2 Maces & Flails
 + Level 3.9 Armour
 - Level 3.6 Shields


You had 7 spell levels left.
You didn't know any spells.
Your spell library contained the following spells:

 Spells                   Type           Power      Damage    Failure   Level
 Cigotuvi's Dreadful Rot  Necr/Pois/Air  0%         N/A       100%        2
 Poisonous Vapours        Pois/Air       0%         N/A       100%        2
 Mephitic Cloud           Conj/Pois/Air  0%         N/A       100%        3


Dungeon Overview and Level Annotations

Branches:
Dungeon (5/15) Zot: 1336   Temple (0/1) D:5

Altars:
Ashenzari
Hepliaklqana
Okawaru
Sif Muna
Xom

Shops:
D:4 *   D:5 !


Innate Abilities, Weirdness & Mutations

You passively map a small area around you.
You are easily found by Zot.
You glow in the dark.
You regain HP and MP as you explore.


Message History

Beogh smites you!
The orc wizard hits you with a +0 dagger.
The gnoll shouts!
You hear a shout!
You sock the orc wizard!
The orc wizard is heavily wounded.
The orc priest mumbles some strange prayers to Beogh against you.
Beogh smites you!
* * * LOW HITPOINT WARNING * * *
A gnoll comes into view. It is wielding a +0 club.
The orc wizard points at you and mumbles some strange words.
The puff of flame hits you but does no damage.
You are too injured to fight recklessly!
You barely miss the orc wizard.
The orc wizard is heavily wounded.
The gnoll shouts!
The orc wizard hits you but does no damage.
You hit the orc wizard.
The orc wizard is heavily wounded.
The orc hits you with a +0 hand axe.
* * * LOW HITPOINT WARNING * * *
You closely miss the orc wizard.
The orc wizard is heavily wounded.
The orc hits you with a +0 hand axe.
* * * LOW HITPOINT WARNING * * *
The orc priest mumbles some strange prayers to Beogh against you.
Beogh smites you!
* * * LOW HITPOINT WARNING * * *
The orc wizard casts a spell at you. The puff of flame hits you!
* * * LOW HITPOINT WARNING * * *
As you read the scroll of teleportation, it crumbles to dust.
You feel strangely unstable.
A gnoll comes into view. It is wielding a +0 club.
The orc hits you but does no damage.
The orc wizard hits you with a +0 dagger.
* * * LOW HITPOINT WARNING * * *
A gnoll comes into view. It is wielding a +0 spear.
The orc priest invokes the aid of Beogh against you.
Beogh smites you!
You die...

#g........# ##
#g........# #.........#
###.........#
#....g.....#### *#.#
#.....go....... ... ,...
#...........### #.# #.#
#....o.o......###.####.#
#......@...##.##..#.....
#..........#......#.....
#.....................).
#.....[.................
#......................)
####.##########.........
#.'..∩..<..'.........
############.........
#...............


You could see an orc priest, an orc wizard, 3 gnolls and an orc.

Vanquished Creatures
  An ogre (D:5)
  2 black bears (D:4)
  2 scorpions (D:4)
  An orc priest (D:4)
  5 hounds (D:5)
  A sleepcap (D:5)
  An iguana (D:4)
  2 orc wizards (D:5)
  5 adders
  A worm (D:2)
  A dart slug (D:5)
  21 orcs
  4 ball pythons
  3 endoplasms
  2 giant cockroaches
  4 goblins
  5 hobgoblins
  3 jackals (D:1)
  3 quokkas
  3 bats
  3 frilled lizards
  5 kobolds
  5 rats
  A spectral orc (D:5)
84 creatures vanquished.

Vanquished Creatures (others)
  3 plants (D:5)
3 creatures vanquished.

Grand Total: 87 creatures vanquished

Notes
Turn   | Place    | Note
-------+----------+-------------------------------------------
     0 | D:1      | lunkers the Meteoran Fighter began the quest for the Orb.
     0 | D:1      | Reached XP level 1. HP: 19/19 MP: 2/2
    34 | D:1      | Reached skill level 3 in Maces & Flails
    91 | D:1      | Reached XP level 2. HP: 22/26 MP: 3/3
   203 | D:1      | Reached skill level 4 in Maces & Flails
   319 | D:2      | Identified the +2 hand axe "Barut" {speed, *Rage Str+3
                  | Dex+5}
   369 | D:2      | Reached XP level 3. HP: 31/31 MP: 4/4
   548 | D:3      | Reached skill level 5 in Maces & Flails
   607 | D:3      | Reached XP level 4. HP: 38/38 MP: 5/5
   635 | D:3      | Found a shimmering blue altar of Sif Muna.
   690 | D:3      | Found a shimmering altar of Xom.
   828 | D:4      | Reached skill level 6 in Maces & Flails
   828 | D:4      | Reached XP level 5. HP: 45/45 MP: 6/6
   845 | D:4      | Noticed a black bear
   857 | D:4      | Killed a black bear
   858 | D:4      | Reached skill level 7 in Maces & Flails
   858 | D:4      | Reached XP level 6. HP: 25/51 MP: 7/7
   893 | D:4      | Reached skill level 8 in Maces & Flails
  1027 | D:4      | Found a broken altar of Ashenzari.
  1082 | D:4      | Noticed a black bear
  1089 | D:4      | Killed a black bear
  1090 | D:4      | Reached skill level 9 in Maces & Flails
  1090 | D:4      | Reached XP level 7. HP: 46/57 MP: 8/8
  1276 | D:4      | Found Qijekydd's General Store.
  1289 | D:5      | Entered Level 5 of the Dungeon
  1297 | D:5      | Reached skill level 10 in Maces & Flails
  1305 | D:5      | Found an iron altar of Okawaru.
  1325 | D:5      | Became a worshipper of Warmaster Okawaru
  1427 | D:5      | Reached XP level 8. HP: 58/63 MP: 9/9
  1476 | D:5      | Reached skill level 11 in Maces & Flails
  1487 | D:5      | Found a hazy altar of Hepliaklqana.
  1498 | D:5      | Found a staircase to the Ecumenical Temple.
  1606 | D:5      | Reached * piety under Okawaru
  1607 | D:5      | Found Echuav's Distillery.
  1642 | D:5      | Killed from afar by an orc priest

Illustrated notes

Levels and vault maps discovered:
D:1:      lightli_arrival_isolated_outpost, layout_basic
D:2:      layout_basic
D:3:      layout_loops_ring, mainiacjoe_overflow_brackets,
          nicolae_sif_muna_condensation, mainiacjoe_overflow_six_doors_small,
          hellmonk_ecumenical_altar_lost_god, gammafunk_ghost_stat_death
D:4:      layout_loops_cross, nicolae_overflow_hidden_temple, serial_shops,
          nicolae_shop_temple_entry_statues_fountains
D:5:      layout_rooms, nicolae_hepliaklqana_monster_ancestors,
          okawaru_altar_gauntlet_db, minmay_temple_entry_gardened_gates,
          serial_shops, nicolae_shop_hallway_stairs, minmay_pentangle

Skill      XL: |  1  2  3  4  5  6  7  8 |
---------------+-------------------------+-----
Maces & Flails | 3 4 5 6 7 9 10 11 | 11.2
Fighting       | |  3.5
Armour         | |  3.9
Shields        | |  3.6

Action                     |  1- 3 |  4- 6 |  7- 9 || total
---------------------------+-------+-------+-------++-------
  Melee: Flail             |    71 |    94 |   126 ||   291
    Use: Scroll            |       |     6 |     2 ||     8
         Potion            |       |     1 |       ||     1
 Armour: Scale mail        |    37 |     2 |       ||    39
         Chain mail        |       |    57 |    75 ||   132
  Dodge: Dodged            |    32 |    28 |    23 ||    83
  Block: Buckler           |    15 |    27 |    27 ||    69

Table legend: (Time is in decaauts)
 A = Elapsed time spent in this place.
 B = Non-inter-level travel time spent in this place.
 C = Inter-level travel time spent in this place.
 D = Time resting spent in this place.
 E = Time spent auto-exploring this place.
 F = Levels seen in this place.
 G = Mean time per level.
                   A        B        C        D        E       F      G
               +--------+--------+--------+--------+--------+-----+--------+
         Total |   1662 |   1588 |     74 |      0 |    930 |   5 |  332.4 |
       Dungeon |   1662 |   1588 |     74 |      0 |    930 |   5 |  332.4 |
               +--------+--------+--------+--------+--------+-----+--------+

Top non-repeatable levels by time:
     D:4: 450 daAuts
     D:3: 358 daAuts
     D:5: 342 daAuts
     D:1: 289 daAuts
     D:2: 221 daAuts
